 Dungeon Crawl Stone Soup version 0.30.0-29-ga12c61a403 (webtiles) character file.

Game seed: 1718235392849897540

1327 cdecastro the Ruffian (level 8, -3/83 HPs)
             Began as a Troll Fighter on June 19, 2023.
             Was a Priest of Qazlal.
             Slain by a shadow (26 damage)
             ... on level 7 of the Dungeon.
             The game lasted 00:07:39 (4482 turns).

cdecastro the Ruffian (Troll Fighter)               Turns: 4482, Time: 00:07:39

Health: -3/83      AC:  6    Str: 27    XL:     8   Next: 34%
Magic:  9/9        EV:  9    Int:  4    God:    Qazlal [***...]
Gold:   30         SH: 11    Dex:  9    Spells: 7/7 levels left

rFire   . .          .
                       - Unarmed
rCold   . . .        b - +0 kite shield
rNeg    + . .        a - +0 robe
rPois   .            d - +1 hat
rElec   .            y - +0 cloak
rCorr   .            (gloves unavailable)
SInv    .            (boots unavailable)
Will    .....        v - amulet of magic regeneration
Stlth   +            w - ring of positive energy
HPRegen 1.13/turn    (no ring)
MPRegen 0.51/turn

%: no passive effects
@: no status effects
A: large, unfitting armour, claws 3, regeneration 1, shaggy fur 1, tough skin 1
a: Renounce Religion, Upheaval, Elemental Force


You were on level 7 of the Dungeon.
You worshipped Qazlal.
Qazlal was most pleased with you.
You visited 1 branch of the dungeon, and saw 7 of its levels.

You collected 283 gold pieces.
You spent 253 gold pieces at shops.

Inventory:

Missiles
 k - 5 silver javelins (quivered)
 m - 3 boomerangs
 n - 16 poisoned darts
 o - 5 large rocks
 q - 3 boomerangs of dispersal
Armour
 a - a +0 robe (worn)
 b - a +0 kite shield (worn)
 d - a +1 hat (worn)
 y - a +0 cloak (worn)
Jewellery
 v - an amulet of magic regeneration (around neck)
 w - a ring of positive energy (left claw)
 B - a +5 ring of evasion
Scrolls
 e - 3 scrolls of teleportation {unknown}
 h - 2 scrolls of vulnerability {unknown}
 j - 6 scrolls of identify {unknown}
 p - a scroll of enchant weapon {unknown}
 u - a scroll of immolation {unknown}
 x - a scroll of enchant armour {unknown}
 z - a scroll of brand weapon {unknown}
 A - a scroll of poison {unknown}
 F - a scroll of fog {unknown}
Potions
 c - 3 potions of might
 f - 2 potions of lignification {unknown}
 g - 3 potions of flight {unknown}
 i - a potion of invisibility {unknown}
 l - 3 potions of haste {unknown}
 r - 2 potions of cancellation {unknown}
 s - 2 potions of heal wounds {unknown}
 t - a potion of resistance {unknown}
 C - a potion of attraction
 D - 2 potions of berserk rage
 E - 2 potions of curing


   Skills:
 + Level 6.2 Fighting
 - Level 2.4 Dodging
 - Level 2.6 Shields
 - Level 7.0 Unarmed Combat
 * Level 2.9 Invocations


You had 7 spell levels left.
You didn't know any spells.
Your spell library contained the following spells:

 Spells                   Type           Power      Damage    Failure   Level
 Necrotise                Necr           0%         1d4       75%         1
 Static Discharge         Conj/Air       0%         2-2/arc   87%         2
 Vampiric Draining        Necr           0%         2d6       98%         3
 Airstrike                Air            0%         2d(0-16)  100%        4
 Olgreb's Toxic Radiance  Pois           0%         N/A       100%        4
 Summon Lightning Spire   Summ/Air       0%         N/A       100%        4
 Agony                    Necr           0%         N/A       100%        5
 Discord                  Hex            0%         N/A       100%        8
 Ignition                 Fire           0%         3d3       100%        8


Dungeon Overview and Level Annotations

Branches:
Dungeon (7/15)
 Temple: D:4-7

Altars:
Qazlal
Xom

Shops:
D:1 ?   D:6 !


Innate Abilities, Weirdness & Mutations

You are too large for most types of armour.
You have claws for hands.
Your natural rate of healing is unusually fast.
You are covered in fur. (AC +1)
You have tough skin. (AC +1)


Message History

An orc warrior is nearby!
Unknown command.
Unknown command.
Unknown command.
A shadow comes into view.
An orc warrior comes into view. It is wielding a +0 hand axe.
The shadow slips into darkness.
The shadow flickers and vanishes!
Deactivating autopickup; reactivate with Ctrl-A.
The orc warrior hits you with a +0 halberd!
You barely miss the orc warrior.
The orc warrior hits you with a +0 halberd!
You scratch the orc warrior but do no damage.
The orc warrior misses you.
You claw the orc warrior!
The orc warrior is moderately wounded.
You block the orc warrior's attack.
You mangle the orc warrior!!
The orc warrior is almost dead.
The orc warrior hits you with a +0 halberd!
You claw the orc warrior!
You kill the orc warrior!
Qazlal accepts your kill.
You claw something!
The shadow strikes at you from the darkness!
You closely miss something.
The shadow strikes at you from the darkness!
* * * LOW HITPOINT WARNING * * *
Reactivating autopickup.
You scratch the shadow but do no damage.
The shadow is heavily damaged.
The shadow hits you.
* * * LOW HITPOINT WARNING * * *
You claw the shadow!
The shadow is severely damaged.
The shadow slips into darkness.
The shadow flickers and vanishes!
Deactivating autopickup; reactivate with Ctrl-A.
The shadow strikes at you from the darkness!
You die...

#.............
#.############
#.# #.# #.#
#.# #o# #.#
#@# #.# #<#
###


You could see an orc warrior.

Vanquished Creatures
  Menkaure (D:4)
  A water moccasin (D:5)
  An orc warrior (D:7)
  A sky beast (D:6)
  2 black bears
  Blork the orc (D:5)
  4 scorpions
  2 howler monkeys
  A hound (D:4)
  4 iguanas
  2 orc wizards (D:4)
  8 adders
  A shadow imp (D:6)
  An ufetubus (D:5)
  A worm (D:2)
  2 dart slugs
  11 orcs
  8 ball pythons
  5 bats
  7 endoplasms
  3 giant cockroaches
  7 goblins
  7 hobgoblins
  3 jackals (D:1)
  7 kobolds
  3 quokkas
  4 frilled lizards
  5 rats
103 creatures vanquished.

Notes
Turn   | Place    | Note
-------+----------+-------------------------------------------
     0 | D:1      | cdecastro the Troll Fighter began the quest for the Orb.
     0 | D:1      | Reached XP level 1. HP: 22/22 MP: 0/0
   161 | D:1      | Reached XP level 2. HP: 26/29 MP: 1/1
   578 | D:1      | Reached skill level 3 in Unarmed Combat
   627 | D:1      | Found Goilix's Magic Scroll Emporium.
   750 | D:1      | Found a faded altar of an unknown god.
   953 | D:1      | Prayed at the altar of an unknown god.
   953 | D:1      | Became a worshipper of Qazlal Stormbringer
   953 | D:1      | Reached * piety under Qazlal
  1015 | D:2      | Reached XP level 3. HP: 33/36 MP: 2/2
  1200 | D:2      | Found a shimmering altar of Xom.
  1531 | D:3      | Reached XP level 4. HP: 45/45 MP: 3/3
  1566 | D:3      | Reached ** piety under Qazlal
  1734 | D:3      | Reached skill level 4 in Unarmed Combat
  2193 | D:4      | Reached XP level 5. HP: 43/53 MP: 4/4
  2328 | D:4      | Noticed Menkaure
  2345 | D:4      | Killed Menkaure
  2346 | D:4      | Reached skill level 5 in Unarmed Combat
  2346 | D:4      | Reached XP level 6. HP: 62/62 MP: 5/5
  2828 | D:4      | Reached skill level 6 in Unarmed Combat
  3090 | D:4      | Reached XP level 7. HP: 57/70 MP: 6/6
  3180 | D:5      | Entered Level 5 of the Dungeon
  3212 | D:5      | Reached skill level 7 in Unarmed Combat
  3249 | D:5      | Reached skill level 5 in Fighting
  3330 | D:5      | Reached *** piety under Qazlal
  3541 | D:5      | Identified the +1 spear of Hushalox {drain, Str+4 Dex+3}
  3667 | D:5      | Noticed Blork the orc
  3674 | D:5      | Killed Blork the orc
  4032 | D:6      | Reached XP level 8. HP: 83/83 MP: 7/7
  4150 | D:6      | Found Liecroot's Distillery.
  4154 | D:6      | Bought a potion of attraction for 33 gold pieces
  4154 | D:6      | Bought 2 potions of berserk rage for 110 gold pieces
  4154 | D:6      | Bought a potion of curing for 33 gold pieces
  4154 | D:6      | Bought a potion of might for 44 gold pieces
  4154 | D:6      | Bought a potion of curing for 33 gold pieces
  4240 | D:6      | Reached skill level 1 in Invocations
  4482 | D:7      | Slain by a shadow

Illustrated notes

Levels and vault maps discovered:
D:1:      lemuel_arrival_room, layout_loops_corners, serial_shops,
          nicolae_shop_rolled_up, shapermc_ecumenical_altar_hornbeckon
D:2:      layout_rooms, basic_altar, kennysheep_nondescript
D:3:      layout_basic
D:4:      layout_basic, uniq_menkaure
D:5:      layout_cave_pods, uniq_blork_the_orc
D:6:      layout_rooms, serial_shops, shop
D:7:      minmay_the_grid_octo_tiled_octocenter [minmay_the_grid_octo_focus,
          minmay_the_grid_octo_concentric, minmay_the_grid_octo_vomiting_pacman,
          minmay_the_grid_octo_teeth, minmay_the_grid_octo_prize_single_spiral,
          minmay_the_grid_square_5x5_shuriken, minmay_the_grid_square_5x5_v,
          minmay_the_grid_square_5x5_broken_cross,
          minmay_the_grid_square_5x5_plus], layout_basic,
          minmay_temple_entry_stoned_glass, hangedman_decor_slide_cut,
          uniq_joseph

Skill      XL: |  1  2  3  4  5  6  7  8 |
---------------+-------------------------+-----
Unarmed Combat | 3 4 5 6 7 |  7.0
Fighting       | 3 4 5 6 |  6.2
Invocations    | 2 |  2.9
Dodging        | |  2.4
Shields        | |  2.6

Action                     |  1- 3 |  4- 6 |  7- 9 || total
---------------------------+-------+-------+-------++-------
  Melee: Unarmed           |    89 |   123 |    77 ||   289
 Armour: Robe              |    24 |    33 |    13 ||    70
  Dodge: Dodged            |    16 |    37 |    25 ||    78
  Block: Kite shield       |    32 |    61 |    41 ||   134
